 Dungeon Crawl Stone Soup version 0.17.1-1-g73c8601 (webtiles) character file.

81 Goblin1989 the Insei (level 4, -2/23 HPs)
             Began as a Vine Stalker Monk on Jan 9, 2016.
             Killed from afar by an orc wizard (9 damage)
             ... with a puff of frost
             ... on level 3 of the Dungeon.
             The game lasted 00:03:18 (1652 turns).

Goblin1989 the Insei (Vine Stalker Monk)            Turns: 1652, Time: 00:03:18

Health: -2/23      AC:  7    Str: 15    XL:     4   Next: 42%
Magic:  0/5        EV: 11    Int: 10    God:
Gold:   89         SH:  0    Dex: 16    Spells: 0 memorised, 3 levels left

rFire  . . .     SeeInvis .       - Unarmed
rCold  . . .     Clarity  .     i - +0 ring mail (curse)
rNeg   . . .     SustAt   .     (no shield)
rPois  .         Gourm    .     g - +1 helmet
rElec  .         Spirit   +     (no cloak)
rCorr  .         Warding  .     (no gloves)
rMut   .         Stasis   .     (no boots)
MR     .....                    (no amulet)
Stlth  ++........               (no ring)
                                (no ring)

@: not resistant to hostile enchantments, unstealthy
A: fangs 2, regeneration 1, magic shield, antimagic bite, no device heal 3, rot
immunity
a: no special abilities


You were on level 3 of the Dungeon.
You were not hungry.

You visited 1 branch of the dungeon, and saw 3 of its levels.

You collected 89 gold pieces.

Inventory:

Armour
 g - a +1 helmet (worn)
 i - a cursed +0 ring mail (worn)
Rods
 h - a +2 lightning rod (10/10)
   (You found it on level 2 of the Dungeon)
Jewellery
 a - a cursed -2 ring of slaying {unknown}
 e - an uncursed amulet of clarity {unknown}
Scrolls
 d - 6 scrolls of identify {unknown}
 j - a scroll of blinking {unknown}
Potions
 c - 2 potions of curing {unknown}
Comestibles
 b - 2 bread rations
 f - 3 fruits


   Skills:
 - Level 2.6 Fighting
 - Level 2.4 Dodging
 - Level 2.4 Stealth
 * Level 5.7 Unarmed Combat


You had 3 spell levels left.
You didn't know any spells.

Dungeon Overview and Level Annotations

Branches:
Dungeon (3/15)

Altars:


Innate Abilities, Weirdness & Mutations

You have extremely sharp teeth.
Your natural rate of healing is unusually fast.
When hurt, damage is shared between your health and your magic reserves.
Your bite disrupts and absorbs the magic of your enemies.
Potions and wands cannot restore your health.
You are immune to rotting.


Message History

A puff of flame appears from out of thin air!
The puff of flame hits you!
* * * LOW HITPOINT WARNING * * *
Things that are here:
a mace; a leather armour; a giant gecko corpse The orc wizard gestures at you while chanting.
The magic dart hits something.
Reactivating autopickup.
You feel a bit more experienced.
A magic dart appears from out of thin air!
Deactivating autopickup; reactivate with Ctrl-A.
The magic dart hits you!
A puff of frost appears from out of thin air!
The puff of frost hits you!
* * * LOW HITPOINT WARNING * * *
There is a stone staircase leading down here.
You see here a ball python corpse.
A puff of frost appears from out of thin air!
The puff of frost hits you!
You die...

#.........###.#.#.
#.........###.#.#.
#.......>.........
#.............#...
#.....{...##......
#.........#####...
#....>....# ...
#.######.........#
..
#(..<(.)@.†.........
..
#########.#.##...###
. ...#.#.....# #
#.###......... #.
#.#.....## #
#.##...## #.# #. .#
#.


There were no monsters in sight!

Vanquished Creatures
  5 giant geckos
  5 orcs (D:3)
  3 giant cockroaches (D:1)
  10 goblins
  8 hobgoblins
  4 kobolds
  2 quokkas
  3 ball pythons
  8 bats
  2 giant newts (D:1)
  4 rats
54 creatures vanquished.

Vanquished Creatures (others)
  An orc wizard (D:3)
1 creature vanquished.

Grand Total: 55 creatures vanquished

Notes
Turn   | Place    | Note
--------------------------------------------------------------
     0 | D:1      | Goblin1989 the Vine Stalker Monk began the quest for the Orb.
     0 | D:1      | Reached XP level 1. HP: 11/11 MP: 2/2
    91 | D:1      | Reached XP level 2. HP: 16/16 MP: 3/3
   347 | D:1      | Reached XP level 3. HP: 16/19 MP: 4/4
   466 | D:1      | Reached skill level 5 in Unarmed Combat
  1558 | D:3      | Reached XP level 4. HP: 20/23 MP: 5/5
  1652 | D:3      | Killed from afar by an orc wizard

Action                   |  1- 3 |  4- 6 || total
-------------------------+-------+-------++-------
Melee: Unarmed           |   139 |    26 ||   165
 Stab: Sleeping          |     8 |       ||     8
       Distracted        |     1 |       ||     1
  Eat: Bread ration      |     1 |       ||     1
